 Dungeon Crawl Stone Soup version 0.31.0-2-g5a2aebc5c2 (webtiles) character file.

Game seed: 7091961065606700294

1592805 ragingrage the Peltast (level 26, 168/168 HPs)
             Began as a Tengu Delver on Jan 20, 2024.
             Was the Champion of Okawaru.
             Escaped with the Orb
             ... and 3 runes!
             The game lasted 02:22:39 (71141 turns).

ragingrage the Peltast (Tengu Delver)              Turns: 71141, Time: 02:22:40

Health: 168/168    AC: 38    Str: 11    XL:     26   Next: 2%
Magic:  31/31      EV: 19    Int: 11    God:    Okawaru [******]
Gold:   6793       SH: 20    Dex: 28    Spells: 24/31 levels left

rFire   + + +        a - +5 demon blade (drain)
rCold   . . .        N - +3 kite shield {AC+3}
rNeg    . . .        Z - +7 storm dragon scales of Okawaru's Favour {rElec Regen+ rCorr Dex+4}
rPois   +            x - +2 hat {Stlth+}
rElec   +            d - +4 cloak "Inwelus" {Regen+}
rCorr   +            F - +2 pair of gloves {Dex+3}
SInv    +            (boots unavailable)
Will    ++...        i - amulet of regeneration
Stlth   ++           j - ring "Gobett" {Will+ SInv}
HPRegen 2.88/turn    T - ring "Ennuchy" {^Contam rPois rF+++ rCorr}
MPRegen 0.22/turn

%: acrobat
@: flying
A: beak, talons 3, evasive flight, acrobatic, clumsy 2, weak 2, persistent drain
0: Orb of Zot
}: 3/15 runes: decaying, serpentine, slimy
a: Renounce Religion, Heroism, Finesse, Duel


You escaped.
You worshipped Okawaru.
Okawaru was exalted by your worship.
You visited 10 branches of the dungeon, and saw 51 of its levels.
You visited 1 bazaar.

You collected 9220 gold pieces.
You spent 2427 gold pieces at shops.

Inventory:

Hand Weapons
 a - a +5 demon blade of draining (weapon)
 b - a +4 heavy demon blade
 c - a +2 antimagic double sword
Missiles
 v - 3 curare-tipped darts
 y - 28 javelins
 z - 10 throwing nets
 C - 11 darts of dispersal
 P - 8 silver javelins
 U - a boomerang (quivered)
Armour
 d - the +4 cloak "Inwelus" (worn) {Regen+}
   (You bought it in a shop in a bazaar)

   Regen+:    It increases your rate of health regeneration.
 x - a +2 hat of stealth (worn)
 F - a +2 pair of gloves of dexterity (worn)
 N - a +3 kite shield of protection (worn)
 Z - the +7 storm dragon scales of Okawaru's Favour (worn) {rElec Regen+ rCorr Dex+4}
   (Okawaru gifted it to you on level 2 of the Lair of Beasts)

   Dex+4:     It affects your dexterity (+4).
   rElec:     It insulates you from electricity.
   Regen+:    It increases your rate of health regeneration.
   rCorr:     It protects you from acid and corrosion.
Jewellery
 i - an amulet of regeneration (around neck)
 j - the ring "Gobett" (left hand) {Will+ SInv}
   (You took it off a deep elf annihilator on level 3 of the Elven Halls)

   [ring of willpower]

   Will+:     It increases your willpower.
   SInv:      It lets you see invisible.
 t - a ring of protection from cold
 G - a +4 ring of slaying
 T - the ring "Ennuchy" (right hand) {^Contam rPois rF+++ rCorr}
   (You found it on level 5 of the Pits of Slime)

   [ring of resist corrosion]

   rF+++:     It renders you almost immune to fire.
   rPois:     It protects you from poison ^Contam: It causes magical
   contamination when unequipped.
   rCorr:     It protects you from acid and corrosion.
Wands
 k - a wand of digging (10)
 s - a wand of paralysis (10)
 B - a wand of flame (40)
 H - a wand of acid (30)
 S - a wand of roots (23)
Scrolls
 e - 2 scrolls of silence
 g - 20 scrolls of teleportation
 w - 9 scrolls of fear
 E - 11 scrolls of immolation
 K - 7 scrolls of vulnerability
 L - a scroll of revelation
 M - 6 scrolls of fog
 Q - 8 scrolls of poison
Potions
 f - a potion of haste
 h - 5 potions of heal wounds
 l - 4 potions of mutation
 m - 5 potions of invisibility
 n - 3 potions of might
 o - 4 potions of enlightenment
 p - 6 potions of curing
 q - 4 potions of resistance
 A - 4 potions of magic
 D - 5 potions of ambrosia
 R - 5 potions of cancellation
 W - 8 potions of lignification
 X - 4 potions of berserk rage
 Y - 9 potions of attraction
Miscellaneous
 r - a lightning rod (4/4)
 O - a condenser vane
 V - a phial of floods


   Skills:
 + Level 17.7 Fighting
 - Level 4.1(11.1) Short Blades
 - Level 15.7(16.0) Long Blades
 - Level 16.0 Throwing
 - Level 16.0 Armour
 - Level 17.5 Dodging
 - Level 15.6 Stealth
 - Level 18.0 Shields
 - Level 3.3 Spellcasting
 - Level 13.0 Necromancy
 - Level 12.6 Translocations
 - Level 10.0 Invocations
 - Level 15.0 Evocations


You had 24 spell levels left.
You knew the following spells:

 Your Spells              Type           Power      Damage    Failure   Level
a - Fugue of the Fallen   Necr           30%        N/A       10%         3
b - Manifold Assault      Tloc           29%        N/A       34%         4

Your spell library contained the following spells:

 Spells                   Type           Power      Damage    Failure   Level
 Sublimation of Blood     Necr           30%        N/A       4%          2
 Vampiric Draining        Necr           30%        2d8       10%         3
 Dispel Undead            Necr           30%        3d14      30%         4
 Passage of Golubria      Tloc           29%        N/A       34%         4
 Kiss of Death            Conj/Necr      64%        2d10      41%         1
 Momentum Strike          Conj/Tloc      30%        3d8       58%         2
 Curse of Agony           Necr           30%        N/A       65%         5
 Cigotuvi's Dreadful Rot  Necr/Alch/Air  22%        N/A       86%         2
 Anguish                  Hex/Necr       8%         N/A       99%         4
 Foxfire                  Conj/Fire      4%         2x1d4     100%        1
 Magic Dart               Conj           4%         1d3       100%        1
 Slow                     Hex            4%         N/A       100%        1
 Sting                    Conj/Alch      4%         1d3       100%        1
 Ensorcelled Hibernation  Hex/Ice        2%         N/A       100%        2
 Jinxbite                 Hex            2%         N/A       100%        2
 Mercury Vapours          Alch/Air       2%         N/A       100%        2
 Searing Ray              Conj           2%         2d4       100%        2
 Confusing Touch          Hex            1%         N/A       100%        3
 Frozen Ramparts          Ice            2%         1d1       100%        3
 Hailstorm                Conj/Ice       1%         3d5       100%        3
 Mephitic Cloud           Conj/Alch/Air  1%         N/A       100%        3
 Ozocubu's Armour         Ice            1%         N/A       100%        3
 Sigil of Binding         Hex            1%         N/A       100%        3
 Stone Arrow              Conj/Erth      2%         3d7       100%        3
 Brom's Barrelling Bould  Conj/Erth      1%         2d3       100%        4
 Cause Fear               Hex            0%         N/A       100%        4
 Fulminant Prism          Conj/Alch      0%         3d5       100%        4
 Ignite Poison            Fire/Alch      1%         N/A       100%        4
 Leda's Liquefaction      Alch/Erth      0%         N/A       100%        4
 Olgreb's Toxic Radiance  Alch           1%         N/A       100%        4
 Petrify                  Alch/Erth      1%         N/A       100%        4
 Sticky Flame             Fire/Alch      1%         2d4       100%        4
 Alistair's Intoxication  Alch           0%         N/A       100%        5
 Borgnjor's Vile Clutch   Necr/Erth      8%         N/A       100%        5
 Fireball                 Conj/Fire      0%         3d3       100%        5
 Freezing Cloud           Conj/Ice/Air   0%         6-21      100%        5
 Irradiate                Conj/Alch      0%         3d11      100%        5
 Iskenderun's Battlesphe  Conj           1%         2d6       100%        5
 Metabolic Englaciation   Hex/Ice        0%         N/A       100%        5
 Yara's Violent Unravell  Hex/Alch       0%         3d3       100%        5
 Bombard                  Conj/Erth      0%         9d1       100%        6
 Eringya's Noxious Bog    Alch           0%         4d6       100%        6
 Plasma Beam              Fire/Air       0%         2x1d10    100%        6
 Starburst                Conj/Fire      0%         6d3       100%        6
 Enfeeble                 Hex            0%         N/A       100%        7
 Ozocubu's Refrigeration  Ice            0%         4d7       100%        7
 Ignition                 Fire           0%         3d3       100%        8
 Polar Vortex             Ice            0%         N/A       100%        9
 Summon Ice Beast         Ice/Summ       Unusable   N/A       N/A         3
 Tukima's Dance           Hex            Unusable   N/A       N/A         3
 Sculpt Simulacrum        Ice/Alch       Unusable   N/A       N/A         6
 Summon Cactus Giant      Summ           Unusable   N/A       N/A         6
 Spellforged Servitor     Conj/Summ      Unusable   N/A       N/A         7

Dungeon Overview and Level Annotations

Branches:
Dungeon (15/15)            Temple (0/1) D:4            Lair (5/5) D:10
  Swamp (4/4) Lair:2        Snake (4/4) Lair:2        Slime (5/5) Lair:4
    Orc (2/2) D:10            Elf (3/3) Orc:2        Vaults (4/5) D:14
  Crypt (0/3) Vaults:3     Depths (4/4) D:15            Zot (5/5) Depths:4

Altars:
Ashenzari
Cheibriados
Dithmenos
Elyvilon
Gozag
Hepliaklqana
Kikubaaqudgha
Makhleb
Okawaru
Sif Muna
Trog
Vehumet
Wu Jian
Xom
Yredelemnul
The Shining One
Jiyva

Shops:
D:12 !   D:13 [   Orc:2 *:[!   Elf:1 =   Elf:3 !   Snake:1 [((=   Vaults:2 ([(*
Vaults:3 *[   Depths:4 (:*:=

Portals:
Hell: Depths:1 Depths:2 Depths:3 Depths:4
Abyss: Depths:1 Depths:3
Pandemonium: Depths:2
Ziggurat: Depths:2
Trove: Elf:3 (give 19 potions of curing)

Annotations:
D:8 exclusion: downstairs
Lair:4 exclusion: downstairs
Swamp:3 1 runed translucent door, Gokhumny's ghost, adept GnFi
Slime:4 exclusion: downstairs
Elf:2 3 runed translucent doors
Depths:2 2 exclusions
Zot:1 Tiamat; Vv
Zot:3 exclusion: downstairs
Zot:5 1 exclusion


Innate Abilities, Weirdness & Mutations

You have a beak for a mouth.
You have claws for feet.
Your magical flight helps you evade attacks. (EV +4)
You can magically evade attacks while moving or waiting.
You are very clumsy. (Dex -4)
You are very weak. (Str -4)
Your health recovers twice as slowly from being drained.


Message History

a +0 scale mail; a +0 whip
There is a stone staircase leading up here.
You block the hell hound's attack.
You fly upwards.
There is a stone staircase leading down here.
You barely miss the hell hound. The hell hound breathes flames at you.
The blast of flame hits you but does no damage.
You resist.
You closely miss the hell hound.
You claw the hell hound, but do no damage.
Your peck misses the hell hound. You block the hell hound's attack. x2
You slash the hell hound! You claw the hell hound.
The hell hound is almost dead.
You block the hell hound's attack.
You slash the hell hound!
You kill the hell hound!
Okawaru accepts your kill.
An Orb Guardian comes into view.
There is an escape hatch in the ceiling here.
A mysterious force pulls you upwards. The hatch slams shut behind you.
(D) Dungeon (T) Temple (L) Lair (S) Swamp (P) Snake Pit (M) Slime Pits (O) Orcish Mines (E) Elven Halls (V) Vaults (C) Crypt (U) Depths (H) Hell (Z) Zot
Where to? (Tab/Enter - D:5 @ (x,y), ? - help)
What level of the Dungeon? (default 5, ? - help)
There is a stone staircase leading up here.
You fly upwards.
There is a stone staircase leading down here.
There is a stone staircase leading up here.
You fly upwards.
There is a stone staircase leading down here.
There is a stone staircase leading up here.
You fly upwards.
There is a stone staircase leading down, spattered with blood here.
You see here a +0 club.
A chaos spawn comes into view.
There is a staircase leading out of the dungeon here.
You have escaped!

.........##..~~~P.....(.##
#...#.
.........#.~...~.......~≈#
##....
.#####...#..P.PPP....P~~≈#
#..#.. .#
#.†.##~....P....~~~##
#..#.. .#
#...#.~....~PPP4.~~~#
##.... .#
#...#...P........#.P#
###.. .#
###...#P.~~..P..~..#.##
#..
.###...>.#.~≈P.~..P..~P##
##.
.........#..~~P)@......#
######
...###...################
#.....
.#####..................#
######
####.......>#.........###
#..########.........#
###.## #.........# ....#
########..# .#### #### ##


You could see a chaos spawn.

Vanquished Creatures
  the Royal Jelly (Arena)
  4 dread liches
  2 orbs of fire (Zot:5)
  3 ancient liches
  Xtahua (Vaults:2)
  3 Killer Klowns (Zot:5)
  Bai Suzhen (Vaults:2)
  the Lernaean hydra (Swamp:4)
  Vashnia (Snake:3)
  2 curse toes (Zot:3)
  Nikola (Swamp:2)
  The ghost of Camaan the Warrior, an adept DgCj (Depths:1)
  7 golden dragons
  Jory (Vaults:4)
  4 electric golems
  An Ice Fiend (Zot:5)
  9 tentacled monstrosities
  25 Orb Guardians
  Asterion (Elf:1)
  Mlioglotl (Swamp:2)
  3 liches
  A titan (Vaults:4)
  2 deep elf master archers (Elf:3)
  11 death cobs
  3 deep elf blademasters (Elf:3)
  11 acid blobs
  A sphinx (Vaults:2)
  4 quicksilver dragons
  13 storm dragons
  The ghost of Ubraesch the Brawler, an adept TrMo of Nemelex Xobeh (Depths:3)
  14 shadow dragons
  2 tengu reavers
  Donald (Swamp:4)
  3 draconian monks
  6 draconian knights
  2 protean progenitors
  5 nagarajas (Snake:4)
  3 rockslimes
  2 fire giants
  10 azure jellies
  A fenstrider witch (Swamp:2)
  7 deep elf sorcerers
  6 draconian scorchers
  6 draconian shifters
  Louise (Swamp:2)
  3 deep elf elementalists (Elf:3)
  9 vault wardens
  4 frost giants
  A balrug (Depths:1)
  A ghost moth (Zot:5)
  16 ironbound preservers
  An orc warlord (Vaults:3)
  4 very ugly things
  5 draconian annihilators
  14 stone giants
  A reaper (Depths:2)
  4 draconian stormcallers
  3 formless jellyfish
  A curse skull (Vaults:3)
  8 quicksilver oozes
  7 ironbound thunderhulks
  5 deep elf demonologists
  2 vampire knights
  4 deep elf death magi (Elf:3)
  2 eleionomae
  11 black draconians
  22 red draconians
  8 white draconians
  9 yellow draconians
  6 green draconians
  2 war gargoyles (Vaults:4)
  6 deep elf annihilators
  Azrael (Orc:1)
  8 dire elephants
  11 purple draconians
  4 bunyips
  A spark wasp (Depths:3)
  The ghost of Larett the Cleaver, a journeyman MiBe of Trog (D:11)
  Snorg (D:10)
  10 ettins
  6 fire dragons
  The ghost of Ixoagrun the Bludgeoner, a journeyman MiFi of Okawaru (Lair:3)
  9 yaktaur captains
  Josephine (D:10)
  2 entropy weavers
  2 deep elf high priests (Elf:3)
  Fannar (Lair:1)
  4 great orbs of eyes
  A rakshasa (Depths:2)
  3 ghost crabs
  7 vault guards (Vaults:4)
  3 salamander tyrants
  A hell beast (Depths:2)
  2 peacekeepers
  5 alligators
  3 anacondas
  2 spriggan air magi (Depths:4)
  12 centaur warriors
  5 ice dragons
  6 ironbound frosthearts
  5 catoblepae
  24 hydras
  5 boulder beetles
  A death knight (D:13)
  20 naga warriors
  4 two-headed ogres
  7 tengu warriors
  7 deep troll earth magi
  A hell hog (Depths:1)
  4 deep troll shamans
  7 dancing weapons
  A death yak (Lair:3)
  A vampire mage (Vaults:3)
  Urug (D:14)
  13 spriggans
  8 hell knights
  7 soul eaters
  4 orc high priests
  7 shock serpents
  4 spriggan berserkers
  15 naga sharpshooters
  An occultist (Depths:3)
  A sixfirhy (Depths:4)
  A sun demon (Depths:4)
  The ghost of dialectric the Basher, a novice MiFi (D:7)
  Nergalle (D:9)
  15 deep elf knights
  17 swamp dragons
  6 iron trolls
  3 goliath frogs
  5 salamander mystics
  A storm dragon skeleton (Zot:4)
  5 deep elf archers
  4 spriggan druids
  9 arcanists
  5 bog bodies
  14 mana vipers
  59 deep trolls
  2 glowing orange brains
  4 lindwurms
  5 naga ritualists
  3 orc knights (Vaults:3)
  9 ironbound convokers
  2 necromancers
  Pikel (D:8)
  21 deep elf zephyrmancers
  A harpy (shapeshifter) (D:14)
  33 deep elf pyromancers
  2 cyclopes (D:13)
  5 orc sorcerers
  An oklob plant (Lair:4)
  55 ugly things
  Maurice (Orc:1)
  A manticore (D:15)
  4 will-o-the-wisps
  15 salamanders
  4 meliai
  A cyclops (shapeshifter) (Depths:3)
  16 moths of wrath
  4 kobold blastminers
  6 shining eyes
  21 naga magi
  Joseph (D:8)
  A rust devil (Depths:2)
  2 molten gargoyles (Lair:5)
  31 black mambas
  3 eyes of devastation
  13 vault sentinels
  A torpor snail (Lair:3)
  8 cane toads
  An ice statue (Swamp:2)
  Maggie (D:7)
  3 kobold demonologists
  2 gargoyles (D:13)
  3 unseen horrors
  2 rime drakes
  A komodo dragon (shapeshifter) (D:13)
  25 yaktaurs
  3 tengu conjurers
  A tormentor (Depths:2)
  2 efreet
  17 komodo dragons
  A yaktaur (shapeshifter) (D:13)
  3 ice devils (Depths:2)
  A guardian mummy (Zot:4)
  A red devil (Depths:2)
  A tengu simulacrum (Vaults:2)
  A red draconian skeleton (Zot:4)
  3 tyrant leeches
  3 polar bears
  8 trolls
  3 wind drakes (Zot:3)
  15 hornets
  Grinder (D:5)
  4 glass eyes
  The ghost of Rem the Insei, an amateur OpSh of Gozag (D:4)
  18 blink frogs
  A dream sheep (shapeshifter) (Vaults:4)
  116 slime creatures
  Sigmund (D:2)
  A vampire (D:11)
  2 shadows
  3 water elementals
  2 air elementals (Elf:2)
  9 wraiths
  34 yaks
  6 wyverns
  24 fire elementals
  17 humans
  7 golden eyes
  Grum (D:10)
  A neqoxec (Depths:2)
  3 steam dragons
  6 basilisks
  2 wargs
  18 vampire mosquitoes
  52 nagas
  15 swamp worms
  25 water moccasins
  3 acid dragons
  10 hell hounds
  8 swamp drakes
  18 orc warriors
  A sky beast (D:5)
  2 black bears
  6 ogres
  25 wolves
  2 boggarts
  9 centaurs
  3 lemures (D:8)
  A kobold brigand (D:6)
  13 bullfrogs
  2 scorpions
  A brain worm (shapeshifter) (Depths:1)
  5 earth elementals
  3 gnoll sergeants
  22 killer bees
  3 howler monkeys
  5 lava snakes (Lair:5)
  4 electric eels
  A bombardier beetle (D:7)
  A human zombie (D:5)
  32 orc priests
  5 hounds
  4 jellies
  3 gnoll boudas
  Jessica (D:2)
  2 iguanas (D:5)
  40 orc wizards
  21 gnolls
  3 adders
  A shadow imp (D:3)
  4 white imps
  3 dart slugs
  2 ribbon worms (D:5)
  73 orcs
  4 ball pythons
  11 endoplasms
  7 giant cockroaches
  6 goblins
  6 hobgoblins
  6 jackals
  2 quokkas
  4 bats
  A frilled lizard (D:3)
  13 kobolds
  2 kobold skeletons (D:5)
  9 rats
  An aspiring flesh (Zot:3)
1917 creatures vanquished.

Vanquished Creatures (others)
  A draconian stormcaller (Zot:2)
  Nessos (D:13)
  A vampire mage (Vaults:3)
  A deep elf knight (Elf:1)
  A salamander mystic (Snake:4)
  4 deep elf pyromancers
  2 bloated husks
  16 foxfires
27 creatures vanquished.

Grand Total: 1944 creatures vanquished

Notes
Turn   | Place    | Note
-------+----------+-------------------------------------------
     0 | D:5      | ragingrage the Tengu Delver began the quest for the Orb.
     0 | D:5      | Reached XP level 1. HP: 14/14 MP: 2/2
    74 | D:5      | Noticed a jelly
   300 | D:6      | Noticed a scorpion
   418 | D:5      | Noticed a sky beast
   585 | D:2      | Reached XP level 2. HP: 18/19 MP: 3/3
   690 | D:2      | Noticed Jessica
   772 | D:1      | Reached XP level 3. HP: 20/23 MP: 4/4
  1422 | D:2      | Noticed Sigmund
  1430 | D:2      | Killed Sigmund
  1431 | D:2      | Reached XP level 4. HP: 28/28 MP: 5/5
  1431 | D:2      | Reached XP level 5. HP: 32/32 MP: 6/6
  1831 | D:2      | Reached XP level 6. HP: 37/37 MP: 7/7
  1937 | D:2      | Found an iron altar of Okawaru.
  1952 | D:2      | Killed Jessica
  1956 | D:2      | Became a worshipper of Warmaster Okawaru
  2017 | D:2      | Found a faded altar of an unknown god.
  2161 | D:3      | Found a snail-covered altar of Cheibriados.
  2786 | D:4      | Reached skill level 1 in Short Blades
  2984 | D:4      | Found a staircase to the Ecumenical Temple.
  3139 | D:4      | Found a shadowy altar of Dithmenos.
  3153 | D:4      | Found a white marble altar of Elyvilon.
  3179 | D:4      | Gained mutation: Your magical flight helps you evade
                  | attacks. (EV +4) [Tengu growth]
  3179 | D:4      | Reached XP level 7. HP: 38/42 MP: 8/8
  3521 | D:4      | Found a runed translucent door.
  3523 | D:4      | Noticed Rem's ghost (amateur OpSh)
  3815 | D:5      | Noticed Grinder
  3822 | D:5      | Killed Grinder
  3822 | D:5      | Reached * piety under Okawaru
  3887 | D:5      | Found a runed translucent door.
  3887 | D:5      | Noticed a human
  3895 | D:5      | Reached skill level 5 in Fighting
  3906 | D:5      | Reached skill level 1 in Invocations
  3910 | D:5      | Found a basalt altar of Yredelemnul.
  3997 | D:5      | Reached XP level 8. HP: 49/49 MP: 9/9
  4986 | D:6      | Found an opulent altar of Gozag.
  5226 | D:6      | Found an ornate altar of the Wu Jian Council.
  5246 | D:6      | Reached ** piety under Okawaru
  5722 | D:7      | Noticed Maggie
  5727 | D:7      | Killed Maggie
  5728 | D:7      | Reached skill level 10 in Long Blades
  5728 | D:7      | Reached XP level 9. HP: 54/54 MP: 13/13
  5775 | D:7      | Found a runed translucent door.
  5780 | D:7      | Noticed dialectric's ghost (novice MiFi)
  5822 | D:7      | Found a broken altar of Ashenzari.
  6651 | D:8      | Noticed a hornet
  6657 | D:8      | Killed a hornet
  6703 | D:8      | Found a hazy altar of Hepliaklqana.
  6894 | D:8      | Noticed Joseph
  6976 | D:8      | Reached *** piety under Okawaru
  7170 | D:8      | Reached XP level 10. HP: 59/59 MP: 14/14
  7310 | D:8      | Noticed a kobold demonologist
  7317 | D:8      | Noticed a soul eater
  7322 | D:8      | Killed a kobold demonologist
  7322 | D:8      | Reached **** piety under Okawaru
  7330 | D:8      | Killed Joseph
  7331 | D:8      | Reached skill level 1 in Evocations
  7538 | D:8      | Noticed Pikel
  7672 | D:8      | Killed Pikel
  8011 | D:8      | Reached ***** piety under Okawaru
  8744 | D:9      | Found a burning altar of Makhleb.
  8797 | D:9      | Reached skill level 1 in Armour
  8838 | D:9      | Noticed a two-headed ogre
  8845 | D:9      | Found a shimmering blue altar of Sif Muna.
  8882 | D:9      | Received a gift from Okawaru
  9771 | D:9      | Reached skill level 5 in Invocations
  9771 | D:9      | Reached XP level 11. HP: 62/64 MP: 15/15
 10045 | D:9      | Killed a two-headed ogre
 10046 | D:9      | Reached skill level 1 in Throwing
 10190 | D:10     | Entered Level 10 of the Dungeon
 10254 | D:10     | Noticed Grum
 10255 | D:10     | Killed Grum
 10259 | D:10     | Reached skill level 5 in Evocations
 10496 | D:10     | Noticed Snorg
 10502 | D:10     | Found a radiant altar of Vehumet.
 10503 | D:10     | Found a staircase to the Orcish Mines.
 10537 | D:10     | Found a glowing golden altar of the Shining One.
 10673 | D:10     | Noticed Josephine
 11127 | D:10     | Killed Josephine
 11127 | D:10     | Received a gift from Okawaru
 11128 | D:10     | Reached skill level 5 in Dodging
 11478 | D:11     | Noticed a two-headed ogre
 11492 | D:11     | Killed a two-headed ogre
 11883 | D:10     | Found an ancient bone altar of Kikubaaqudgha.
 12128 | D:10     | Found a staircase to the Lair.
 12228 | D:10     | Killed Snorg
 12229 | D:10     | Reached skill level 5 in Armour
 12243 | D:10     | Received a gift from Okawaru
 12246 | D:10     | Reached XP level 12. HP: 65/72 MP: 17/17
 12317 | D:10     | Noticed Nergalle
 12341 | D:9      | Killed Nergalle
 13027 | D:11     | Found a large runed translucent door.
 13028 | D:11     | Found a large runed translucent door.
 13030 | D:11     | Noticed Larett's ghost (journeyman MiBe)
 13080 | Lair:1   | Entered Level 1 of the Lair of Beasts
 13275 | Lair:1   | Noticed Fannar
 14018 | Lair:1   | Killed Fannar
 14198 | Lair:2   | Reached ****** piety under Okawaru
 14207 | Lair:2   | Acquired the +7 storm dragon scales of Okawaru's Favour
                  | {rElec Regen+ rCorr Dex+4}
 14207 | Lair:2   | Received a gift from Okawaru
 14224 | Lair:2   | Acquired a +2 demon blade of electrocution
 14224 | Lair:2   | Received a gift from Okawaru
 14239 | Lair:2   | Received a gift from Okawaru
 14316 | Lair:2   | Found a staircase to the Snake Pit.
 14358 | Lair:2   | Found a staircase to the Swamp.
 14397 | Lair:2   | Noticed a boulder beetle
 14406 | Lair:2   | Killed a boulder beetle
 14606 | Lair:2   | Reached skill level 1 in Shields
 14728 | Lair:2   | Reached skill level 2 in Shields
 14797 | Lair:2   | Received a gift from Okawaru
 14798 | Lair:2   | Reached XP level 13. HP: 76/76 MP: 19/19
 15166 | Lair:3   | Reached skill level 3 in Shields
 15492 | Lair:3   | Identified the +6 dagger "Vyblaufi" {heavy, rPois rF+ rC-
                  | Dex+3}
 15498 | Lair:3   | Got the Elucidation of Excavation and Calling
 15576 | Lair:3   | Identified the +2 cloak of a bazaar {rF+ Dex+2}
 15613 | Lair:3   | Reached skill level 4 in Shields
 15616 | Lair:3   | Found a transporter.
 15661 | Lair:3   | Found a transporter.
 15662 | Lair:3   | Noticed Ixoagrun's ghost (journeyman MiFi)
 15665 | Lair:3   | Found a bloodstained altar of Trog.
 16436 | Lair:4   | Found a shadowy altar of Dithmenos.
 16465 | Lair:4   | Reached skill level 5 in Shields
 16470 | Lair:4   | Received a gift from Okawaru
 16620 | Lair:4   | Found a viscous altar of Jiyva.
 16620 | Lair:4   | Found a staircase to the Slime Pits.
 16905 | Lair:5   | Entered Level 5 of the Lair of Beasts
 16919 | Lair:4   | Reached skill level 10 in Armour
 17671 | Lair:5   | Received a gift from Okawaru
 17700 | Lair:5   | Reached XP level 14. HP: 75/84 MP: 20/20
 17997 | Lair:5   | Found a large runed translucent door.
 17997 | Lair:5   | Found a large runed translucent door.
 18134 | Lair:5   | Received a gift from Okawaru
 18326 | Lair:5   | Reached skill level 6 in Shields
 18822 | Orc:1    | Entered Level 1 of the Orcish Mines
 18822 | Orc:1    | Noticed Maurice
 18829 | Orc:1    | Killed Maurice
 19306 | Orc:1    | Reached skill level 10 in Fighting
 19447 | Orc:2    | Entered Level 2 of the Orcish Mines
 19454 | Orc:2    | Noticed Azrael
 19491 | Orc:1    | Killed Azrael
 19492 | Orc:1    | Reached skill level 10 in Evocations
 19512 | Orc:2    | Received a gift from Okawaru
 19799 | Orc:2    | Reached skill level 7 in Shields
 20006 | Orc:2    | Reached skill level 5 in Throwing
 20140 | Orc:2    | Found Perchuan's Antique Armour Boutique.
 20140 | Orc:2    | Found Ecsor's Distillery.
 20141 | Orc:2    | Found Ifaewiy's Book Shop.
 20144 | Orc:2    | Found Hoghostreene's Assorted Antiques.
 20152 | Orc:2    | Bought a potion of brilliance for 64 gold pieces
 20152 | Orc:2    | Bought a potion of lignification for 48 gold pieces
 20153 | Orc:2    | Bought a glowing kite shield for 240 gold pieces
 20170 | Orc:2    | Bought a golden potion for 30 gold pieces
 20323 | Orc:2    | Found a staircase to the Elven Halls.
 20396 | Orc:2    | Received a gift from Okawaru
 20840 | D:12     | Found Efoic's Distillery.
 20848 | D:12     | Reached XP level 15. HP: 93/93 MP: 21/21
 20849 | D:12     | Bought a potion of heal wounds for 80 gold pieces
 21178 | D:12     | Identified a scroll of acquirement
 21218 | D:12     | Acquired 901 gold pieces
 21255 | D:13     | Found Qeujicw's Armour Boutique.
 21353 | D:13     | Noticed a tengu reaver
 21362 | D:13     | Paralysed by a hornet for 1 turns
 21374 | D:13     | Killed a tengu reaver
 21659 | D:13     | Noticed a storm dragon
 21659 | D:13     | Identified the +1 leather armour "Beyziska" {Int+2 Dex+3}
 21659 | D:13     | Identified the ring of Ywiasop {rPois EV+5 Int+4 Slay-2}
 21684 | D:13     | Killed a storm dragon
 21684 | D:13     | Received a gift from Okawaru
 21685 | D:13     | Reached skill level 8 in Shields
 21905 | D:13     | Reached skill level 9 in Shields
 22019 | D:13     | Identified the +9 plate armour of Jolow {Str+2 Stlth+}
 22020 | D:13     | Identified the +7 sling of the Swamp {speed, rN+ rCorr}
 22078 | D:13     | Received a gift from Okawaru
 22086 | D:13     | Reached skill level 10 in Shields
 22376 | D:13     | Noticed Nessos
 22380 | D:13     | Killed Nessos
 22616 | D:14     | Reached skill level 11 in Shields
 22698 | D:14     | Received a gift from Okawaru
 22948 | D:14     | Found a gate to the Vaults.
 22948 | D:14     | Noticed Urug
 22982 | D:14     | Reached skill level 12 in Shields
 23016 | D:14     | Reached XP level 16. HP: 100/100 MP: 22/22
 23039 | D:14     | Killed Urug
 23372 | D:15     | Entered Level 15 of the Dungeon
 23498 | D:15     | Found a snail-covered altar of Cheibriados.
 23765 | D:15     | Received a gift from Okawaru
 24044 | D:15     | Reached skill level 13 in Shields
 24285 | D:15     | Found a staircase to the Depths.
 24449 | Swamp:1  | Entered Level 1 of the Swamp
 24504 | Swamp:1  | Received a gift from Okawaru
 24823 | Swamp:1  | Reached skill level 14 in Shields
 25094 | Swamp:2  | Noticed a fenstrider witch
 25099 | Swamp:2  | Killed a fenstrider witch
 25127 | Swamp:2  | Noticed Louise
 25450 | Snake:1  | Entered Level 1 of the Snake Pit
 25541 | Snake:1  | Received a gift from Okawaru
 25576 | Snake:1  | Found Veulipe's Jewellery Emporium.
 25576 | Snake:1  | Found Jaewuiri's Antique Armour Emporium.
 25576 | Snake:1  | Found Ukiqajonk's Weapon Emporium.
 25577 | Snake:1  | Found Hafepaqesh's Antique Weapon Emporium.
 25683 | Snake:1  | Reached skill level 15 in Shields
 25921 | Snake:1  | Received a gift from Okawaru
 26406 | Snake:2  | Reached XP level 17. HP: 106/106 MP: 23/23
 26721 | Snake:2  | Received a gift from Okawaru
 27887 | Snake:3  | Received a gift from Okawaru
 27966 | Snake:3  | Found an ancient bone altar of Kikubaaqudgha.
 28161 | Snake:3  | Noticed Vashnia
 28229 | Snake:3  | Killed Vashnia
 28230 | Snake:3  | Reached skill level 10 in Throwing
 28328 | Snake:3  | Received a gift from Okawaru
 28753 | Snake:4  | Entered Level 4 of the Snake Pit
 29032 | Snake:4  | Received a gift from Okawaru
 29267 | Snake:4  | Reached XP level 18. HP: 63/113 MP: 24/24
 29494 | Snake:4  | Learned a level 3 spell: Fugue of the Fallen
 29796 | Snake:4  | Received a gift from Okawaru
 29797 | Snake:4  | Reached skill level 1 in Necromancy
 29860 | Snake:4  | Reached skill level 16 in Shields
 29953 | Snake:4  | Got a serpentine rune of Zot
 30311 | Elf:1    | Entered Level 1 of the Elven Halls
 30337 | Elf:1    | Found a radiant altar of Vehumet.
 30507 | Elf:1    | Noticed a Tzitzimitl
 30676 | Elf:1    | Noticed Asterion
 30682 | Elf:1    | Killed Asterion
 30682 | Elf:1    | Received a gift from Okawaru
 30785 | Elf:1    | Found Cuusmuax's Jewellery Shoppe.
 31465 | Elf:2    | Found an ancient bone altar of Kikubaaqudgha.
 31733 | Elf:2    | Received a gift from Okawaru
 31898 | Elf:2    | Paralysed by an air elemental for 1 turns
 31980 | Elf:2    | Found a runed translucent gate.
 31980 | Elf:2    | Found a runed translucent gate.
 31981 | Elf:2    | Found a runed translucent gate.
 32219 | Elf:3    | Entered Level 3 of the Elven Halls
 32317 | Elf:3    | Reached skill level 17 in Shields
 32522 | Elf:3    | Received a gift from Okawaru
 32601 | Elf:3    | Found a portal to a secret trove of treasure.
 32683 | Elf:3    | Reached XP level 19. HP: 87/120 MP: 25/25
 32749 | Elf:3    | Found Geestyco's Distillery.
 32757 | Elf:3    | Bought a potion of cancellation for 120 gold pieces
 32794 | Elf:3    | Reached skill level 18 in Shields
 32804 | Elf:3    | Reached skill level 5 in Necromancy
 33116 | Elf:3    | Received a gift from Okawaru
 33514 | Elf:3    | Identified the amulet "Ficviat" {Acrobat rElec rPois Int+2}
 33535 | Elf:3    | Identified the +8 mace "Meomip" {freeze, Str+3}
 33630 | Elf:3    | Identified the +6 rapier "Qeyberr" {freeze, ^Drain ^Fragile
                  | rElec Int+10}
 33630 | Elf:3    | Identified the ring "Gobett" {Will+ SInv}
 34068 | Elf:3    | Received a gift from Okawaru
 34165 | Elf:3    | Identified the +2 flail "Cukoic" {speed, rElec rCorr Dex+2}
 34282 | Elf:3    | Identified the +7 dire flail of Animal Spirits {pain,
                  | Str+5}
 34311 | Elf:3    | Reached skill level 10 in Necromancy
 34445 | Elf:3    | Identified the +4 rapier "Fiec" {freeze, rF- rN+ rCorr}
 34450 | Elf:3    | Identified the +0 pair of gloves of the Enchanting Gods
                  | {rF- rC+ Int+4}
 34460 | Elf:3    | Identified the +1 long sword of Wiweoprado {holy, rPois
                  | rCorr Stlth+}
 34465 | Elf:3    | Got the Incunabulum of the Snow-white Xenolith
 34469 | Elf:3    | Got Sif Muna's Vellum of the Dragon
 34475 | Elf:3    | Learned a level 4 spell: Manifold Assault
 34477 | Elf:3    | Identified the staff of Egunett {rC+ Int+3 Dex+4 Ice}
 35898 | Swamp:2  | Noticed Nikola
 35905 | Swamp:2  | Killed Louise
 35921 | Swamp:2  | Killed Nikola
 36213 | Swamp:2  | Noticed Mlioglotl
 36238 | Swamp:2  | Killed Mlioglotl
 36287 | Swamp:2  | Received a gift from Okawaru
 36814 | Swamp:3  | Found a runed translucent door.
 36816 | Swamp:3  | Found a shimmering altar of Xom.
 36816 | Swamp:3  | Noticed Gokhumny's ghost (adept GnFi)
 36819 | Swamp:3  | Identified the +1 quarterstaff "Etecuir" {chaos, rN++ Str+4
                  | Dex+3}
 37432 | Swamp:4  | Entered Level 4 of the Swamp
 37448 | Swamp:4  | Received a gift from Okawaru
 37725 | Swamp:4  | Noticed Donald
 37755 | Swamp:4  | Killed Donald
 38591 | Swamp:4  | Identified the granite talisman of Classification {rN+
                  | Int-2 SInv}
 38623 | Swamp:4  | Reached XP level 20. HP: 127/127 MP: 26/26
 39043 | Swamp:4  | Noticed the 27-headed Lernaean hydra
 39047 | Swamp:4  | Killed the 27-headed Lernaean hydra
 39131 | Swamp:4  | Received a gift from Okawaru
 39228 | Swamp:4  | Got a decaying rune of Zot
 39646 | Vaults:1 | Entered Level 1 of the Vaults
 40282 | Vaults:1 | Received a gift from Okawaru
 40924 | Vaults:1 | Identified the +7 great sword "Bumoek" {heavy, Will+}
 41222 | Vaults:2 | Received a gift from Okawaru
 41231 | Vaults:2 | Reached skill level 15 in Fighting
 41443 | Vaults:2 | Noticed Xtahua
 41467 | Vaults:2 | Killed Xtahua
 41938 | Vaults:2 | Received a gift from Okawaru
 41939 | Vaults:2 | Reached XP level 21. HP: 122/134 MP: 28/28
 42023 | Vaults:2 | Noticed Bai Suzhen
 42045 | Vaults:2 | Killed Bai Suzhen
 42200 | Vaults:2 | Reached skill level 15 in Armour
 42290 | Vaults:2 | Found an opulent altar of Gozag.
 42315 | Vaults:2 | Found Gozag's Antique Weapon Boutique.
 42387 | Vaults:2 | Found Gozag's Antique Weapon Shop.
 42390 | Vaults:2 | Found Gozag's Antique Armour Boutique.
 42483 | Vaults:2 | Found Yptenyjy's General Store.
 42544 | Vaults:2 | Bought a scroll of fear for 44 gold pieces
 42544 | Vaults:2 | Bought a wand of acid (3) for 138 gold pieces
 43132 | Vaults:2 | Received a gift from Okawaru
 43272 | Vaults:3 | Found Xiehaw's Armour Boutique.
 43432 | Vaults:3 | Bought a +1 pair of gloves of dexterity for 313 gold pieces
 43624 | Vaults:3 | Found Miraxylu's General Store.
 43639 | Vaults:3 | Bought a scroll of teleportation for 60 gold pieces
 43639 | Vaults:3 | Bought a wand of roots (4) for 192 gold pieces
 43807 | Vaults:3 | Found a staircase to the Crypt.
 44255 | Vaults:3 | Identified the +0 ring mail "Witoleimm" {rF++ rN+ Str+3
                  | Dex-3}
 44748 | Vaults:4 | Received a gift from Okawaru
 45060 | Vaults:4 | Received a gift from Okawaru
 45094 | Vaults:4 | Noticed Jory
 45110 | Vaults:4 | Killed Jory
 45294 | Vaults:4 | Reached skill level 15 in Evocations
 45643 | Vaults:4 | Received a gift from Okawaru
 45662 | Vaults:4 | Identified the +1 demon trident of the Median {drain,
                  | Dex+4}
 46169 | Depths:1 | Entered Level 1 of the Depths
 46198 | Depths:1 | Found a glowing golden altar of the Shining One.
 46284 | Depths:1 | Reached XP level 22. HP: 140/140 MP: 29/29
 46721 | Depths:1 | Found a gateway to Hell.
 46828 | Depths:1 | Found a one-way gate to the infinite horrors of the Abyss.
 46881 | Depths:1 | Found a runed translucent door.
 46882 | Depths:1 | Noticed Camaan's ghost (adept DgCj)
 47088 | Depths:1 | Killed Camaan's ghost
 47220 | Depths:2 | Reached skill level 1 in Spellcasting
 47273 | Depths:2 | Reached skill level 1 in Translocations
 47320 | Depths:2 | Received a gift from Okawaru
 47321 | Depths:2 | You are sucked into a shaft and drop 1 floor!
 47427 | Depths:2 | Reached skill level 15 in Throwing
 47564 | Depths:2 | Found a one-way gateway to a ziggurat.
 47744 | Depths:2 | Gained mutation: Your spells are a little easier to cast,
                  | but a little less powerful. [a neqoxec]
 47857 | Depths:2 | Identified the +9 spear of Qiwos {heavy, ^Drain +Blink rN+
                  | Str+2}
 47858 | Depths:2 | Identified the +5 sling "Geregem" {heavy, rF+ rC++ Int+3
                  | Dex-2}
 47860 | Depths:2 | Identified the +1 war axe of Dividends {freeze, rElec
                  | rCorr}
 48144 | Depths:2 | Found a one-way gate leading to the halls of Pandemonium.
 48409 | Depths:3 | Found a runed translucent door.
 48409 | Depths:3 | Noticed Ubraesch's ghost (adept TrMo)
 48536 | Depths:3 | Received a gift from Okawaru
 49496 | Depths:4 | Entered Level 4 of the Depths
 49543 | Depths:4 | Received a gift from Okawaru
 49551 | Depths:4 | Found Ijoebout's Book Boutique.
 49564 | Depths:4 | Found Hausm's Assorted Antiques.
 49569 | Depths:4 | Found Tuduteoc's Book Shop.
 49590 | Depths:4 | Found Poezxot's Assorted Antiques.
 49595 | Depths:4 | Found Hedik's Jewellery Boutique.
 49670 | Depths:4 | Found a flickering gateway to a bazaar.
 49699 | Bazaar   | Entered a bazaar
 49701 | Bazaar   | Found Ehar's Assorted Antiques.
 49705 | Bazaar   | Bought a shimmering cloak for 218 gold pieces
 49705 | Bazaar   | Identified the +4 cloak "Inwelus" {Regen+} (You bought it
                  | in a shop in a bazaar)
 49705 | Bazaar   | Found Reesar's Magic Scroll Boutique.
 49705 | Bazaar   | Found Gewy's Jewellery Boutique.
 49706 | Bazaar   | Found Laott's Book Boutique.
 49716 | Bazaar   | Bought a scroll of acquirement for 520 gold pieces
 49716 | Bazaar   | Bought a scroll of teleportation for 30 gold pieces
 49716 | Bazaar   | Bought a scroll of teleportation for 30 gold pieces
 49721 | Bazaar   | Bought an amulet of regeneration for 300 gold pieces
 49763 | Depths:4 | Acquired 667 gold pieces
 49802 | Depths:4 | Noticed a golden dragon
 49816 | Depths:4 | Killed a golden dragon
 50377 | Depths:4 | Reached skill level 10 in Invocations
 50919 | Slime:1  | Entered Level 1 of the Pits of Slime
 51424 | Slime:2  | Reached XP level 23. HP: 143/144 MP: 31/31
 51647 | Slime:3  | Gained mutation: You are clumsy. (Dex -2) [a shining eye]
 51657 | Slime:3  | Received a gift from Okawaru
 51808 | Slime:5  | Entered Level 5 of the Pits of Slime
 51958 | Slime:3  | Reached skill level 5 in Translocations
 51994 | Slime:3  | Paralysed by a formless jellyfish for 1 turns
 52108 | Slime:1  | Gained mutation: You are very clumsy. (Dex -4) [a shining
                  | eye]
 53020 | Slime:5  | Received a gift from Okawaru
 53127 | Slime:5  | Noticed the Royal Jelly
 53749 | Slime:5  | Gained mutation: Your health recovers twice as slowly from
                  | being drained. [a shining eye]
 53751 | Slime:5  | Found a viscous altar of Jiyva.
 54179 | Arena    | Entered the Arena
 54195 | Arena    | Killed the Royal Jelly
 54268 | Slime:5  | Identified the ring of Xom's Recklessness {Fly rF+ Str+4
                  | Int-2 Stlth+}
 54273 | Slime:5  | Acquired a manual of Dodging
 54297 | Slime:5  | Identified the staff "Qepneupp" {Dex+5 Earth}
 54299 | Slime:5  | Identified the +0 helmet "Wetit" {Str+3}
 54305 | Slime:5  | Identified the ring "Ennuchy" {^Contam rPois rF+++ rCorr}
 54354 | Slime:5  | Identified the +11 great mace "Sonnoun" {flame, rElec rN+
                  | Will- Int+2}
 54355 | Slime:5  | Identified the +0 scimitar of the Evil Eye {freeze, rElec
                  | rPois}
 54382 | Slime:5  | Got the Essays on Excruciating Blasphemous Arts
 54385 | Slime:5  | Got a slimy rune of Zot
 54404 | Slime:5  | Identified the +7 war axe "Zasefega" {venom, Stlth+}
 55341 | Depths:3 | Identified the +8 quarterstaff of Red Wine {heavy, rElec
                  | Str+3}
 55428 | Depths:4 | Found a radiant altar of Vehumet.
 55640 | Depths:4 | Found a gate to the Realm of Zot.
 55802 | Depths:4 | Received a gift from Okawaru
 55807 | Depths:4 | Reached skill level 15 in Long Blades
 55916 | Depths:4 | Found Hodem's Weapon Shoppe.
 55994 | Zot:1    | Entered Level 1 of the Realm of Zot
 56100 | Zot:1    | Reached skill level 10 in Dodging
 56357 | Zot:1    | Received a gift from Okawaru
 56575 | Zot:1    | Noticed Vv
 56582 | Zot:1    | Found the +4 dragonskin cloak
 56582 | Zot:1    | Noticed Tiamat
 56652 | Zot:1    | Reached XP level 24. HP: 101/142 MP: 30/31
 56855 | Zot:1    | Identified the +2 leather armour of Ifial {rPois rC++ Will+
                  | rCorr}
 56985 | Zot:2    | Reached skill level 10 in Translocations
 57209 | Zot:2    | Reached skill level 10 in Stealth
 57353 | Zot:3    | Received a gift from Okawaru
 57706 | Depths:3 | Killed Ubraesch's ghost
 57908 | Zot:4    | Noticed an ancient lich
 57908 | Zot:4    | Noticed an ancient lich
 58252 | Zot:3    | Gained mutation: You occasionally shout uncontrollably at
                  | your foes. [mutagenic glow]
 58262 | Zot:3    | Gained mutation: You are weak. (Str -2) [mutagenic glow]
 58273 | Zot:3    | Gained mutation: Your magical capacity is low. (-10% MP)
                  | [mutagenic glow]
 58833 | Zot:3    | Received a gift from Okawaru
 59171 | Zot:4    | Noticed a curse toe
 59200 | Zot:3    | Killed a curse toe
 59260 | Zot:3    | Killed an ancient lich
 59396 | Zot:3    | Gained mutation: You are very weak. (Str -4) [mutagenic
                  | glow]
 59418 | Zot:3    | Lost mutation: Your magical capacity is low. (-10% MP)
                  | [potion of mutation]
 59418 | Zot:3    | Lost mutation: Your health recovers twice as slowly from
                  | being drained. [potion of mutation]
 59418 | Zot:3    | Lost mutation: You occasionally shout uncontrollably at
                  | your foes. [potion of mutation]
 59418 | Zot:3    | Lost mutation: Your spells are a little easier to cast, but
                  | a little less powerful. [potion of mutation]
 59449 | Zot:4    | Killed an ancient lich
 59461 | Zot:4    | Received a gift from Okawaru
 59585 | Zot:4    | Noticed a curse toe
 59734 | Zot:3    | Killed a curse toe
 60598 | Zot:4    | Identified the +1 halberd "Xoluh" {antimagic, Fly rPois
                  | Str-2}
 60869 | Zot:4    | Reached skill level 15 in Dodging
 61311 | Zot:5    | Entered Level 5 of the Realm of Zot
 61358 | Zot:5    | Reached XP level 25. HP: 155/155 MP: 31/31
 62181 | Zot:5    | Reached skill level 15 in Stealth
 62437 | Zot:4    | Received a gift from Okawaru
 62653 | Zot:5    | Noticed a dread lich
 62666 | Zot:4    | Killed a dread lich
 62868 | Zot:5    | Noticed a Killer Klown
 62894 | Zot:5    | Killed a Killer Klown
 63208 | Zot:5    | Noticed an ancient lich
 63230 | Zot:5    | Killed an ancient lich
 64138 | Zot:5    | Noticed a Killer Klown
 64170 | Zot:5    | Killed a Killer Klown
 66674 | Zot:5    | Noticed a Killer Klown
 66693 | Zot:5    | Killed a Killer Klown
 67624 | D:4      | Killed Rem's ghost
 67799 | D:7      | Killed dialectric's ghost
 67909 | D:11     | Killed Larett's ghost
 68068 | Lair:3   | Killed Ixoagrun's ghost
 68733 | Zot:5    | Noticed an orb of fire
 68746 | Zot:5    | Gained mutation: Your health recovers twice as slowly from
                  | being drained. [an orb of fire]
 68747 | Zot:5    | Killed an orb of fire
 69132 | Zot:5    | Noticed a dread lich
 69151 | Zot:5    | Killed a dread lich
 69151 | Zot:5    | Received a gift from Okawaru
 69738 | Zot:5    | Noticed an orb of fire
 69757 | Zot:5    | Killed an orb of fire
 69761 | Zot:5    | Noticed a dread lich
 69770 | Zot:5    | Killed a dread lich
 70028 | Zot:5    | Noticed a dread lich
 70062 | Zot:5    | Killed a dread lich
 70545 | Zot:5    | Got the Orb of Zot
 70616 | Zot:5    | Reached XP level 26. HP: 90/167 MP: 10/31
 70758 | Zot:1    | Noticed Piuk Lae the pandemonium lord
 70880 | Depths:1 | Noticed Zeiripp the pandemonium lord
 70880 | Depths:1 | Noticed an ancient lich
 70944 | D:14     | Noticed Yrghoptuba the pandemonium lord
 71141 | D:$      | Escaped with the Orb!

Illustrated notes

Levels and vault maps discovered:
D:1:      lemuel_arrival_muddy, layout_rooms
D:2:      layout_basic, basic_altar, shapermc_ecumenical_altar_mp_ritualfount,
          uniq_sigmund, uniq_jessica
D:3:      layout_loops_ring, mainiacjoe_overflow_24_doors
D:4:      layout_loops_corners, nicolae_dithmenos_through_a_glass_darkly,
          mainiacjoe_overflow_alcove_4, minmay_temple_entry_drinking_statues,
          ebering_ghost_reflecting_pool, grunt_ministairs_8
D:5:      layout_basic, dk_yredelemnul_ordeal, cheibrodos_sewer_entry_bend,
          uniq_grinder
D:6:      layout_basic, grunt_gozag_breadcrumbs,
          mainiacjoe_overflow_six_doors_small
D:7:      layout_cave_pods, evilmike_ruin_ashenzari, gammafunk_ghost_grave,
          uniq_maggie
D:8:      layout_loops_ring, mainiacjoe_overflow_concentric_impassable,
          minmay_quadrilaterals, uniq_pikel, uniq_joseph
D:9:      layout_cave_pools, nicolae_sif_muna_little_library, bloody_makhleb,
          serial_gnoll_camp, gnoll_camp_mini_house, gnoll_camp_mini_hut,
          gnoll_camp_medium_01, gnoll_camp_mini_loothouse
D:10:     layout_cave_pools, mainiacjoe_overflow_cross_hatched,
          lemuel_tele_altar, kiku_gazebo_garden_becter, david_lair_shrubbed,
          orc_0_dummy, minmay_puff, uniq_grum, uniq_nergalle, uniq_josephine,
          uniq_snorg
D:11:     layout_gridville, ebering_ghost_disaster_area
D:12:     layout_basic, serial_shops, nicolae_shop_trees
D:13:     minmay_complete_graph, layout_basic, serial_shops,
          nicolae_stop_n_shop_2, minmay_statues_item, uniq_nessos
D:14:     layout_roguey [special_room_orc], david_vaults_3
D:15:     grunt_enter_depths_snipers, layout_stronghold, serial_bayou_pond_e,
          cheibriados_altar_1
Lair:1:   layout_loops_ring, nicolae_lair_grove_arrangements, uniq_fannar
Lair:2:   layout_loops_ring, swamp_mist_pool, minmay_snake_entry_six_corridors
Lair:3:   layout_regular_city, gammafunk_ghost_wrathful_warriors,
          cheibrodos_lair_caveside_slide, gammafunk_lair_bear_cave,
          serial_bayou_shore_a
Lair:4:   layout_hall_layers, slime_entry_1, basic_altar,
          minmay_lair_oklob_items, lemuel_fruit_tree, lemuel_fruit_fields
Lair:5:   cheibrodos_lair_end_hotspot, layout_cave_pods
Swamp:1:  layout_basic_swamp, evilmike_swamp_ruin_rubble_2
Swamp:2:  layout_falls_marsh, portal_ice_cave_entry_ice_statue_one,
          hangedman_swamp_ruin_wall, swamp_pool_3,
          nicolae_swamp_reclaimed_castle, uniq_nikola, uniq_mlioglotl,
          uniq_louise
Swamp:3:  layout_falls_marsh, ebering_ghost_xom, hangedman_swamp_diagram,
          swamp_pool_3, nicolae_swamp_little_swirl, nicolae_swamp_baby_hydras,
          infiniplex_staircase_pool_2
Swamp:4:  swamp_old_school, layout_basic_swamp, uniq_donald
Snake:1:  layout_onion, minmay_shop_grid_forest, grunt_ministairs_8
Snake:2:  cheibrodos_forgotten_conduit, layout_chambers
Snake:3:  layout_cave_town, basic_altar, nicolae_snake_slithery_hallway,
          nicolae_snake_mages_go_home, uniq_vashnia
Snake:4:  snake_pit, layout_cave_town
Slime:1:  layout_caves
Slime:2:  layout_caves
Slime:3:  layout_caves
Slime:4:  layout_caves
Slime:5:  slime_pit
Orc:1:    layout_caves, uniq_maurice
Orc:2:    st_orc_mages, layout_diamond_mine, uniq_azrael
Elf:1:    eino_elf_arrival_altar, layout_loops_corners, serial_glass,
          glass_columns_b, glass_columns_a, serial_shops, nicolae_diamond_shop,
          minmay_elf_demonology, uniq_asterion
Elf:2:    elven_hall_of_blades_hangedman_original
          [infiniplex_blade_entry_pillars], layout_loops_corners, basic_altar
Elf:3:    minmay_elf_hall_statues, layout_onion_city, serial_shops,
          nicolae_shop_statue_plus, nicolae_trove_entry_free_sample
Vaults:1: nicolae_vaults_offset_grid_hallway_1,
          hangedman_vaults_stretched_pinwheel, nicolae_vaults_closet_pinwheel_4,
          hangedman_vaults_locks, nicolae_vaults_windows_and_doors_thing,
          nicolae_vaults_tetromino_T_1, nicolae_vaults_more_shelving_1,
          nicolae_vaults_turnstiles, v_misc_29, v_misc_13,
          nicolae_vaults_asterisk, layout_vaults_maze_bifur
Vaults:2: vaults_standard_mumra_x, nicolae_vaults_network_square,
          vaults_dpeg_cross, hangedman_vaults_corner_blocks,
          ontoclasm_vaults_bender, vaults_room_corners, serial_ice_h,
          kennysheep_vaults_gozag_temple, nicolae_vaults_doubleplus_tesselated,
          v_misc_31, hangedman_vaults_variations, nicolae_vaults_apartment_1,
          nicolae_vaults_lightning_bolt, ontoclasm_vaults_ligature,
          layout_vaults_omnicross, serial_shops, shop, uniq_xtahua,
          uniq_bai_suzhen
Vaults:3: minmay_crypt_entry_simple_corners, ontoclasm_vaults_ring_large,
          v_alt_pattern_3, vaults_mumra_lcd, nicolae_vaults_trapezoid_1,
          nicolae_vaults_theta, nicolae_vaults_three_branches,
          ontoclasm_vaults_decontamination,
          nicolae_vaults_taking_the_gang_shopping, nicolae_vaults_little_ls,
          ontoclasm_vaults_fault, layout_vaults_chaotic_city, serial_shops,
          nicolae_shop_window_shopping
Vaults:4: nicolae_vaults_surprise_closet, vaults_room_boxed, v_misc_1,
          vaults_room_pool, nicolae_vaults_little_squares_4,
          nicolae_vaults_double_plus_2, vaults_room_hangedman_quadrants,
          layout_vaults_quadrants, uniq_jory
Depths:1: layout_roguey, gammafunk_ghost_grave, grunt_decor_one_mirror,
          hellmouth_1, abyss_entry, minmay_hedge_maze,
          nicolae_tso_carved_into_rock
Depths:2: kennysheep_demon_jail, layout_gridlike, enter_ziggurat_f,
          hangedman_coc_ice_floe, minmay_misc_feat_enclosed,
          grunt_pan_entry_zigzag, infiniplex_staircase_zigzag_3
Depths:3: minmay_octagon_keep, layout_gridlike, hellmonk_ghost_happy_afterlife,
          minmay_misc_feat_secret_circle, abyss_entry_crystal, hell_entry,
          firewood_loft, minmay_staircase_windowed_small
Depths:4: grunt_zot_entry_pinwheel, layout_cave_shapes, vehumet_crystals,
          serial_shops, bzr_in_the_mist, nicolae_shop_just_a_little_nook,
          nicolae_shop_stone, nicolae_shop_window_shopping,
          nicolae_shop_back_alley_shop, hangedman_geh_valley,
          due_unseen_surprise, minmay_shop_star
Zot:1:    layout_gridlike, regret_index_zotdec_stipple_waver, uniq_vv,
          uniq_tiamat, uniq_josephina
Zot:2:    layout_basic
Zot:3:    lemuel_firehouse, layout_cathedral_of_symmetry, grunt_megastairs_2
Zot:4:    hangedman_snap_crack_crunch, layout_onion, lemuel_baited_zot_trap,
          st_stairs_8
Zot:5:    layout_cellular_growth

Skill      XL: |  1  2  3  4  5  6  7  8  9 10 11 12 13 14 15 16 17 18 19 20 21 22 23 24 25 |
---------------+----------------------------------------------------------------------------+-----
Long Blades    | 3 6 7 8 10 13 14 15 | 15.7
Short Blades   | 1 2 4 |  4.1
Fighting       | 5 6 7 8 10 11 12 13 14 15 17 | 17.7
Invocations    | 1 4 5 6 7 8 10 | 10.0
Evocations     | 4 5 7 9 10 11 12 15 | 15.0
Dodging        | 4 6 9 10 15 17 | 17.5
Armour         | 1 5 7 11 12 13 14 15 16 | 16.0
Throwing       | 3 5 6 10 11 14 16 | 16.0
Stealth        | 6 8 14 15 | 15.6
Shields        | 2 5 7 12 15 17 18 | 18.0
Necromancy     | 4 13 | 13.0
Spellcasting   | 3 |  3.3
Translocations | 3 9 11 12 | 12.6

Action                     |  1- 3 |  4- 6 |  7- 9 | 10-12 | 13-15 | 16-18 | 19-21 | 22-24 | 25-27 || total
---------------------------+-------+-------+-------+-------+-------+-------+-------+-------+-------++-------
  Melee: Falchion          |    76 |    32 |    14 |       |       |       |       |       |       ||   122
         Kick              |    11 |    20 |    82 |   337 |   431 |   562 |   889 |  1012 |   369 ||  3713
         Peck              |    12 |    12 |    60 |   193 |   255 |   368 |   544 |   661 |   244 ||  2349
         Dagger            |     1 |    45 |   235 |   675 |    27 |       |       |       |       ||   983
         Punch             |       |       |     5 |     8 |       |       |       |       |       ||    13
         Long sword        |       |       |       |   101 |       |       |       |       |       ||   101
         Demon blade       |       |       |       |    92 |   988 |  1241 |  1427 |  1685 |   580 ||  6013
         Scimitar          |       |       |       |       |       |     4 |     3 |       |       ||     7
         Double sword      |       |       |       |       |       |       |   138 |    51 |    66 ||   255
  Throw: Dart              |       |     6 |     9 |    42 |    21 |       |     1 |       |       ||    79
         Boomerang         |       |       |       |       |    32 |   111 |   143 |   533 |   180 ||   999
         Javelin           |       |       |       |       |     3 |       |    21 |    17 |    12 ||    53
   Cast: Fugue of the Fall |       |       |       |       |       |       |    24 |    41 |     2 ||    67
 Invoke: Receive Weapon    |       |       |       |     1 |       |       |       |       |       ||     1
         Receive Armour    |       |       |       |     1 |       |       |       |       |       ||     1
         Heroism           |       |       |       |       |     4 |       |       |       |     2 ||     6
         Finesse           |       |       |       |       |       |       |     3 |     1 |     1 ||     5
         Duel              |       |       |       |       |       |       |       |     1 |       ||     1
  Evoke: Wand              |     1 |       |     2 |    12 |     6 |     3 |    11 |    15 |     6 ||    56
         Condenser vane    |       |       |       |     1 |     3 |       |     4 |     3 |       ||    11
         Lightning rod     |       |       |       |       |       |     8 |     5 |     2 |       ||    15
         Phial of floods   |       |       |       |       |       |     2 |     1 |       |       ||     3
    Use: Scroll            |     4 |       |     6 |    11 |     7 |     7 |     7 |    21 |    10 ||    73
         Potion            |       |       |     2 |       |     1 |     1 |     3 |    11 |     8 ||    26
   Stab: Sleeping          |     4 |     7 |    14 |    10 |       |     6 |     4 |       |       ||    45
         Paralysed         |     1 |       |     3 |     3 |     3 |       |       |       |       ||    10
         Confused          |       |       |       |     2 |       |       |       |       |       ||     2
         Distracted        |       |       |       |     2 |       |     1 |     4 |     3 |     2 ||    12
         Petrified         |       |       |       |       |     5 |       |       |       |       ||     5
         Petrifying        |       |       |       |       |     1 |       |       |       |       ||     1
 Armour: Leather armour    |    32 |    12 |    75 |   171 |       |       |       |       |       ||   290
         Ring mail         |       |    10 |       |       |       |       |       |       |       ||    10
         Skin              |       |       |       |     5 |       |       |       |       |       ||     5
         Acid dragon scale |       |       |       |    35 |       |       |       |       |       ||    35
         Storm dragon scal |       |       |       |    34 |   389 |   254 |   492 |  1057 |   327 ||  2553
         Robe              |       |       |       |     3 |       |       |       |       |       ||     3
         Troll leather arm |       |       |       |     3 |       |       |       |       |       ||     3
  Dodge: Dodged            |    51 |    34 |   133 |   487 |   372 |   332 |   620 |   749 |   273 ||  3051
  Block: Other             |       |       |       |    36 |       |       |       |       |       ||    36
         Buckler           |       |       |       |     6 |   255 |       |       |       |       ||   261
         Reflection        |       |       |       |       |    35 |   180 |    79 |     6 |       ||   300
         Kite shield       |       |       |       |       |   286 |  1019 |  1580 |  1481 |   512 ||  4878
